 Dungeon Crawl Stone Soup version 0.29-a0-598-gd8304a5bf4 (webtiles) character file.

Game seed: 16289710643754030184

12848 vineage the Fighter (level 11, -4/78 HPs)
             Began as a Gargoyle Fighter on June 15, 2022.
             Was a High Priest of Okawaru.
             Slain by a fire elemental (7 damage)
             ... summoned by a deep elf pyromancer
             ... on level 11 of the Dungeon.
             The game lasted 00:17:29 (15821 turns).

vineage the Fighter (Gargoyle Fighter)             Turns: 15821, Time: 00:17:30

Health: -4/78      AC: 28    Str: 22    XL:     11   Next: 99%
Magic:  13/13      EV: 12    Int:  9    God:    Okawaru [*****.]
Gold:   688        SH: 12    Dex: 17    Spells: 10/10 levels left

rFire   . . .      SeeInvis .   e - +2 flail (protect)
rCold   + . .      Faith    .   v - +0 kite shield
rNeg    + . .      Spirit   .   b - +0 scale mail
rPois   ∞          Reflect  .   (helmet restricted)
rElec   +          Harm     .   C - scarf {shadows}
rCorr   .          Rampage  .   y - +2 pair of gloves "Acwos" {rC+}
Will    .....                   l - +0 pair of boots
Stlth   ..........              (no amulet)
HPRegen 0.23/turn               k - +4 ring of evasion
MPRegen 0.13/turn               r - +6 ring of dexterity

@: under a protective aura
A: sickness immunity, AC +8, negative energy resistance 1, electricity
resistance, torment resistance 1, petrification resistance, antennae 1
a: Renounce Religion, Heroism, Finesse, Duel


You were on level 11 of the Dungeon.
You worshipped Okawaru.
Okawaru was extremely pleased with you.
You visited 2 branches of the dungeon, and saw 13 of its levels.

You collected 688 gold pieces.

Inventory:

Hand Weapons
 a - a +0 flail
 e - a +2 flail of protection (weapon)
Missiles
 c - 4 throwing nets (quivered)
Armour
 b - a +0 scale mail (worn)
 g - a +0 helmet
 l - a +0 pair of boots (worn)
 m - a +0 cloak
 v - a +0 kite shield (worn)
 y - the +2 pair of gloves "Acwos" (worn) {rC+}
   (You found it on level 11 of the Dungeon)

   rC:        It protects you from cold.
 C - a scarf of shadows (worn)
Jewellery
 k - a +4 ring of evasion (left hand)
 p - a ring of resist corrosion
 r - a +6 ring of dexterity (right hand)
 w - a ring of flight
Wands
 f - a wand of acid (10)
 x - a wand of flame (19)
Scrolls
 i - 2 scrolls of brand weapon
 j - 6 scrolls of identify
 n - a scroll of noise
 o - 3 scrolls of teleportation
 s - a scroll of fog
 u - a scroll of magic mapping
 B - a scroll of amnesia
Potions
 d - 2 potions of flight
 h - 3 potions of attraction
 q - a potion of heal wounds
 z - a potion of curing
 A - a potion of ambrosia


   Skills:
 * Level 13.3 Fighting
 + Level 8.6 Maces & Flails
 + Level 9.8 Armour
 + Level 9.7 Shields
 + Level 3.1 Invocations


You had 10 spell levels left.
You didn't know any spells.
Your spell library contained the following spells:

 Spells                   Type           Power      Damage    Failure   Level
 Beastly Appendage        Tmut           0%         N/A       91%         1
 Wereblood                Tmut           0%         N/A       97%         2
 Ignite Poison            Fire/Tmut/Pois 0%         N/A       99%         3
 Mephitic Cloud           Conj/Pois/Air  0%         N/A       99%         3
 Portal Projectile        Hex/Tloc       0%         N/A       99%         3
 Spider Form              Tmut/Pois      0%         N/A       99%         3
 Alistair's Intoxication  Tmut/Pois      0%         N/A       100%        5
 Blade Hands              Tmut           0%         N/A       100%        5
 Borgnjor's Vile Clutch   Necr/Erth      0%         N/A       100%        5
 Freezing Cloud           Conj/Ice/Air   0%         6-21      100%        5
 Eringya's Noxious Bog    Tmut/Pois      0%         N/A       100%        6
 Tukima's Dance           Hex            Unusable   N/A       N/A         3

Dungeon Overview and Level Annotations

Branches:
Dungeon (12/15)            Temple (1/1) D:5            Lair (0/6) D:9
    Orc: D:9-12

Altars:
Ashenzari
Cheibriados
Dithmenos
Elyvilon
Fedhas
Gozag
Hepliaklqana
Kikubaaqudgha
Makhleb
Nemelex Xobeh
Okawaru
Qazlal
Ru
Sif Muna
Trog
Uskayaw
Vehumet
Wu Jian
Xom
Yredelemnul
Zin
The Shining One

Shops:
D:1 *   D:6 [


Innate Abilities, Weirdness & Mutations

You are immune to sickness and miasma.
Your stone body is resilient. (AC +8)
You are immune to poison.
You resist negative energy. (rN+)
You are resistant to electric shocks. (rElec)
You are resistant to unholy torment.
You are immune to petrification.
You have a pair of small antennae on your head.


Message History

The fire elemental burns you!
You hit the fire elemental.
The fire elemental is lightly damaged.
The fire elemental closely misses you.
You hit the fire elemental.
The fire elemental is lightly damaged.
You block the fire elemental's attack.
The deep elf pyromancer casts a spell.
The deep elf pyromancer blinks!
You closely miss the fire elemental.
The fire elemental is lightly damaged.
The fire elemental closely misses you.
The deep elf pyromancer gestures wildly while chanting.
The fire elemental barely misses you.
You sock the fire elemental!
The fire elemental is heavily damaged.
You block the fire elemental's attack.
The deep elf pyromancer gestures at you while chanting.
The bolt of fire hits the fire elemental.
The fire elemental completely resists.
The bolt of fire hits you!
The bolt of fire misses the fire elemental.
The fire elemental hits you. The fire elemental burns you!
You barely miss the fire elemental. You block the fire elemental's attack.
The fire elemental barely misses you. The fire elemental hits you.
The fire elemental burns you! The fire elemental hits you.
You sock the fire elemental!
The fire elemental is moderately damaged.
The fire elemental hits you. x2; The fire elemental burns you!
* * * LOW HITPOINT WARNING * * *
You block the fire elemental's attack.
You closely miss the fire elemental.
The fire elemental is moderately damaged.
The fire elemental hits you. The fire elemental misses you.
The deep elf pyromancer points at you and mumbles some strange words.
The bolt of fire misses the fire elemental.
The bolt of fire hits you!
* * * LOW HITPOINT WARNING * * *
The bolt of fire misses the fire elemental.
The fire elemental hits you. The fire elemental burns you!
You die...

### ..# ######## ..# ######
#......# # ..# #....# #......###
..# #....#########......#.'
..#########....E@EeE...#......#.#
..##...........#######.#......'.#
..'..######....# #.'......###
..#### #...># ###......# # ###
#....# #......# # ##.### #####.##
# #)# ####.....# # #)# #........#
#### #)# #........###


You could see a deep elf pyromancer and 3 fire elementals.

Vanquished Creatures
  A boulder beetle (D:12)
  2 two-headed ogres (D:11)
  2 cyclopes
  Joseph (D:7)
  2 unseen horrors
  Psyche (D:7)
  2 trolls (D:11)
  4 wyverns
  2 shadows (D:10)
  2 wraiths
  12 yaks
  A basilisk (D:11)
  2 vampire mosquitoes (D:10)
  2 water moccasins
  An acid dragon (D:10)
  A black bear (D:8)
  A sky beast (D:7)
  2 ice beasts (D:7)
  A wolf (D:8)
  5 centaurs
  2 ogres
  3 phantoms
  4 kobold brigands
  Blork the orc (D:5)
  A necrophage (D:5)
  A bullfrog (D:8)
  A scorpion (D:7)
  6 gnoll sergeants
  17 wights
  15 killer bees
  3 howler monkeys
  An electric eel (D:9)
  10 hounds
  4 jellies
  3 gnoll shamans
  3 orc priests
  Crazy Yiuf (D:3)
  3 iguanas
  6 orc wizards
  5 adders
  39 gnolls
  2 shadow imps
  2 white imps
  2 worms (D:5)
  3 dart slugs
  24 orcs
  7 endoplasms
  5 giant cockroaches
  6 goblins
  10 hobgoblins
  8 jackals
  22 kobolds
  6 quokkas
  7 ball pythons
  3 bats
  2 frilled lizards
  A rat (D:3)
286 creatures vanquished.

Vanquished Creatures (others)
  An unseen horror (D:11)
  A bullfrog (D:8)
2 creatures vanquished.

Grand Total: 288 creatures vanquished

Notes
Turn   | Place    | Note
-------+----------+-------------------------------------------
     0 | D:1      | vineage the Gargoyle Fighter began the quest for the Orb.
     0 | D:1      | Reached XP level 1. HP: 14/14 MP: 1/1
    50 | D:1      | Found Haffituh's General Store.
   105 | D:1      | Reached XP level 2. HP: 16/19 MP: 2/2
   600 | D:1      | Reached XP level 3. HP: 24/24 MP: 3/3
   953 | D:2      | Reached skill level 4 in Fighting
  1158 | D:2      | Reached XP level 4. HP: 29/29 MP: 4/4
  2234 | D:3      | Reached XP level 5. HP: 17/34 MP: 5/5
  2471 | D:3      | Found a runed translucent door.
  2472 | D:3      | Noticed Crazy Yiuf
  2515 | D:3      | Found a faded altar of an unknown god.
  2818 | D:3      | Killed Crazy Yiuf
  3053 | D:4      | Reached skill level 5 in Fighting
  3204 | D:4      | Reached XP level 6. HP: 16/40 MP: 6/6
  4064 | D:4      | Found a shimmering altar of Xom.
  4064 | D:4      | Found a snail-covered altar of Cheibriados.
  4091 | D:4      | Found a broken altar of Ashenzari.
  4436 | D:5      | Entered Level 5 of the Dungeon
  4857 | D:5      | Reached XP level 7. HP: 21/45 MP: 7/7
  5022 | D:5      | Reached skill level 6 in Fighting
  5136 | D:5      | Noticed Blork the orc
  5157 | D:5      | Killed Blork the orc
  5158 | D:5      | Reached skill level 5 in Armour
  5379 | D:5      | Reached skill level 5 in Shields
  5649 | D:5      | Found a staircase to the Ecumenical Temple.
  5720 | Temple   | Entered the Ecumenical Temple
  6109 | Temple   | Became a worshipper of Warmaster Okawaru
  6334 | D:6      | Reached skill level 7 in Fighting
  6334 | D:6      | Reached XP level 8. HP: 41/53 MP: 8/8
  6501 | D:6      | Found Ycsahimu's Antique Armour Emporium.
  6539 | D:6      | Reached * piety under Okawaru
  6685 | D:6      | Found a glowing golden altar of the Shining One.
  6807 | D:6      | Reached skill level 5 in Maces & Flails
  6809 | D:6      | Reached skill level 8 in Fighting
  7515 | D:7      | Reached XP level 9. HP: 44/60 MP: 9/9
  7616 | D:7      | Reached ** piety under Okawaru
  7645 | D:7      | Noticed Joseph
  7662 | D:7      | HP: 2/60 [Joseph/+0 quarterstaff (4)]
  7667 | D:7      | Killed Joseph
  7668 | D:7      | Reached skill level 9 in Fighting
  8657 | D:7      | Gained mutation: You have a pair of small antennae on your
                  | head. [potion of mutation]
  8853 | D:8      | Reached skill level 10 in Fighting
  8948 | D:8      | Reached XP level 10. HP: 52/68 MP: 10/10
  9130 | D:8      | Reached *** piety under Okawaru
  9177 | D:8      | Noticed Psyche
  9524 | D:7      | Killed Psyche
 10282 | D:8      | Reached **** piety under Okawaru
 10292 | D:8      | Reached skill level 11 in Fighting
 10594 | D:9      | Found a radiant altar of Vehumet.
 10779 | D:9      | Found an opulent altar of Gozag.
 10779 | D:9      | Found an ancient bone altar of Kikubaaqudgha.
 11061 | D:9      | Reached ***** piety under Okawaru
 11383 | D:9      | Found a staircase to the Lair.
 11508 | D:9      | Found a shimmering blue altar of Sif Muna.
 11590 | D:9      | Found a blossoming altar of Fedhas.
 11897 | D:9      | Reached XP level 11. HP: 76/76 MP: 11/11
 12091 | D:10     | Entered Level 10 of the Dungeon
 12218 | D:10     | Reached skill level 12 in Fighting
 12740 | D:10     | Received a gift from Okawaru
 12827 | D:10     | Found a sacrificial altar of Ru.
 13140 | D:11     | Identified the +2 pair of gloves "Acwos" {rC+}
 13173 | D:11     | Found a sacrificial altar of Ru.
 13542 | D:11     | Noticed a two-headed ogre
 13555 | D:11     | Killed a two-headed ogre
 13556 | D:11     | Reached skill level 1 in Invocations
 13984 | D:11     | Noticed a two-headed ogre
 13997 | D:11     | Killed a two-headed ogre
 14222 | D:11     | Reached skill level 13 in Fighting
 14383 | D:12     | Noticed a boulder beetle
 14413 | D:12     | Noticed a cyclops
 14903 | D:12     | Noticed a boulder beetle
 15237 | D:12     | Killed a cyclops
 15423 | D:12     | Noticed a deep elf pyromancer
 15583 | D:12     | Killed a boulder beetle
 15778 | D:12     | Noticed a cyclops
 15811 | D:11     | Killed a cyclops
 15821 | D:11     | HP: 3/78 [deep elf pyromancer/bolt of fire (15)]
 15821 | D:11     | Slain by a fire elemental

Illustrated notes

Levels and vault maps discovered:
D:1:      dpeg_arrival_erosion, layout_basic, serial_shops, nicolae_shop_stone
D:2:      layout_loops_ring
D:3:      layout_basic, dreamdust_ecumenical_altar_grove, minmay_statues_item,
          small_statue_alley_b, uniq_crazy_yiuf_cottage
D:4:      layout_basic, cheibrodos_ashenzari_chains,
          gammafunk_temple_overflow_pools, chequers_serial_rivers_room_b
D:5:      layout_basic, minmay_temple_entry_mist, uniq_blork_the_orc
D:6:      layout_rooms, tso_altar, serial_corexii_hall, corexii_hall_statues_l,
          corexii_hall_statues_l, serial_shops, nicolae_diamond_shop,
          chequers_serial_rivers_micro_b, minmay_holes, grunt_ministairs_6
D:7:      cheibrodos_quashed, layout_loops_ring, uniq_joseph
D:8:      layout_cave_pools, serial_gnoll_camp, gnoll_camp_medium_02,
          gnoll_camp_mini_house, gnoll_camp_mini_hut, gnoll_camp_mini_house,
          gnoll_camp_huts_basic, corexii_corridor_pit, uniq_psyche
D:9:      statuecave_lemuel, layout_irregular_city,
          mainiacjoe_overflow_boulevard, lemuel_tele_altar, fedhas_altar_4,
          gammafunk_temple_overflow_elements, lair_entry_dummy, minivault_25
D:10:     layout_irregular_city, mainiacjoe_overflow_alcove_1,
          grunt_decor_junction, due_unseen_surprise
D:11:     layout_roguey, nicolae_ru_path_of_blood
D:12:     layout_small_grid, orc_0_dummy, serial_shops,
          nicolae_shop_bloodbath_and_beyond, minmay_microvault
Temple:   minmay_temple_forest_path

Skill      XL: |  1  2  3  4  5  6  7  8  9 10 11 |
---------------+----------------------------------+-----
Fighting       | 4 5 7 8 10 11 13 | 13.3
Armour         | 4 5 6 7 8 9 |  9.8
Shields        | 4 5 6 7 8 9 |  9.7
Maces & Flails | 3 4 5 6 7 8 |  8.6
Invocations    | 3 |  3.1

Action                   |  1- 3 |  4- 6 |  7- 9 | 10-12 || total
-------------------------+-------+-------+-------+-------++-------
Melee: Flail             |    87 |   240 |   407 |   818 ||  1552
       Unarmed           |       |       |       |    17 ||    17
Invok: Heroism           |       |       |     2 |    14 ||    16
  Use: Scroll            |     2 |     8 |     5 |     4 ||    19
       Potion            |       |     7 |     4 |     2 ||    13
Armor: Scale mail        |    50 |    84 |   257 |   480 ||   871
       Skin              |       |    13 |       |     7 ||    20
Dodge: Dodged            |    50 |   181 |   393 |   553 ||  1177
Block: Buckler           |    24 |    65 |   131 |    31 ||   251
       Kite shield       |       |       |       |   518 ||   518

Table legend: (Time is in decaauts)
 A = Elapsed time spent in this place.
 B = Non-inter-level travel time spent in this place.
 C = Inter-level travel time spent in this place.
 D = Time resting spent in this place.
 E = Time spent auto-exploring this place.
 F = Levels seen in this place.
 G = Mean time per level.
                   A        B        C        D        E       F      G
               +--------+--------+--------+--------+--------+-----+--------+
         Total |  16079 |  15514 |    565 |   3063 |   9425 |  13 | 1236.8 |
       Dungeon |  15649 |  15159 |    490 |   3063 |   9083 |  12 | 1304.1 |
        Temple |    429 |    354 |     75 |      0 |    342 |   1 |  429.0 |
               +--------+--------+--------+--------+--------+-----+--------+

Top non-repeatable levels by time:
    D:11: 2301 daAuts
     D:7: 1955 daAuts
     D:4: 1859 daAuts
     D:9: 1575 daAuts
     D:3: 1360 daAuts
     D:8: 1244 daAuts
     D:6: 1120 daAuts
     D:5: 1029 daAuts
    D:10: 1006 daAuts
     D:1: 877 daAuts
     D:2: 855 daAuts
    D:12: 463 daAuts
  Temple: 429 daAuts
